3AAA
CORPUS CHRISTI TWINS @ BRINKLEY BELUGAS
08/12/2017
 
TOP OF THE 1ST
Corpus Christi Twins batting - Pitching for Brinkley Belugas : RHP Kevin Allen
Pitching: RHP Kevin Allen
Batting: RHB John Howell 0-0: Ball
1-0: SINGLE (Flyball, 8LS)
Batting: RHB Melvin Baldwin 0-0: Fly out, F3 (Popup, 13)
Batting: RHB António Alvarado 0-0: Called Strike
0-1: Ball
1-1: Foul Ball, location: 2F
1-2: Ball
2-2: Foul Ball, location: 2F
2-2: Strikes out swinging
Batting: LHB Juan Durán 0-0: Called Strike
0-1: Called Strike
0-2: Foul Ball, location: 2F
0-2: Foul Ball, location: 2F
0-2: Strikes out looking
Top of the 1st over - 0 run(s), 1 hit(s), 0 error(s), 1 left on base; Corpus Christi 0 - Brinkley 0
BOTTOM OF THE 1ST
Brinkley Belugas batting - Pitching for Corpus Christi Twins : RHP Aurélien Godet
Pitching: RHP Aurélien Godet
Batting: RHB Juan Banda 0-0: Called Strike
0-1: Ball
1-1: Ball
2-1: Fly out, F7 (Flyball, 7LM)
Batting: RHB Chris Ross 0-0: Called Strike
0-1: Ball
1-1: Ball
2-1: Ball
3-1: Base on Balls
Batting: RHB Jean Pronk 0-0: Ball
1-0: SINGLE (Flyball, 8LS)
Chris Ross to second
Batting: RHB José Romano 0-0: Swinging Strike
0-1: Ball
1-1: Ball
2-1: Foul Ball, location: 2F
2-2: 3-RUN HOME RUN (Flyball, 78XD), Distance : 413 ft
Batting: LHB George Wilcox 0-0: Swinging Strike
0-1: SINGLE (Groundball, 4S)
Batting: RHB Dave Nichols 0-0: Foul Ball, location: 2F
0-1: Ball
1-1: Ball
2-1: Ball
3-1: Called Strike
3-2: Foul Ball, location: 2F
3-2: Ground out 5-3 (Groundball, 5S)
George Wilcox to second
Batting: SHB Earl Holman 0-0: Foul Ball, location: 2F
0-1: Called Strike
0-2: Fly out, F5 (Popup, 5SF)
Bottom of the 1st over - 3 run(s), 3 hit(s), 0 error(s), 1 left on base; Corpus Christi 0 - Brinkley 3
TOP OF THE 2ND
Corpus Christi Twins batting - Pitching for Brinkley Belugas : RHP Kevin Allen
Batting: RHB Wilbur Harris 0-0: Called Strike
0-1: Ball
1-1: Ball
2-1: Ball
3-1: Swinging Strike
3-2: Strikes out swinging
Batting: RHB Marv White 0-0: Ball
1-0: Fly out, F5 (Popup, 5F)
Batting: RHB Denis Taylor 0-0: Ball
1-0: Ball
2-0: Ball
3-0: Called Strike
3-1: Foul Ball, location: 2F
3-2: Foul Ball, location: 2F
3-2: Base on Balls
Batting: RHB Chad Graham 0-0: Called Strike
0-1: Ball
1-1: Ball
2-1: Ball
3-1: Called Strike
3-2: Foul Ball, location: 2F
3-2: Base on Balls
Denis Taylor to second
Batting: RHB Martín González 0-0: SINGLE (Groundball, 56)
Denis Taylor to third
Chad Graham to second
Runner from 3rd tries for Home, SAFE, throw made home
Batting: RHB John Howell 0-0: Called Strike
0-1: Ball
1-1: Foul Ball, location: 2F
1-2: Ball
2-2: Ball
3-2: DOUBLE (Line Drive, 89M)
Chad Graham scores
Martín González to third
Martín González scores
Batting: RHB Melvin Baldwin 0-0: Ground out 4-3 (Groundball, 4M)
Top of the 2nd over - 3 run(s), 2 hit(s), 0 error(s), 1 left on base; Corpus Christi 3 - Brinkley 3
BOTTOM OF THE 2ND
Brinkley Belugas batting - Pitching for Corpus Christi Twins : RHP Aurélien Godet
Batting: RHB Alberto Morales 0-0: Called Strike
0-1: Called Strike
0-2: Ball
1-2: Strikes out looking
Batting: LHB Esteban Hernández 0-0: Swinging Strike
0-1: Ball
1-1: Swinging Strike
1-2: Fly out, F8 (Flyball, 89M)
Batting: RHB Juan Banda 0-0: Ball
1-0: Called Strike
1-1: Fly out, F9 (Flyball, 9M)
Bottom of the 2nd over - 0 run(s), 0 hit(s), 0 error(s), 0 left on base; Corpus Christi 3 - Brinkley 3
TOP OF THE 3RD
Corpus Christi Twins batting - Pitching for Brinkley Belugas : RHP Kevin Allen
Batting: RHB António Alvarado 0-0: Called Strike
0-1: Ball
1-1: Foul Ball, location: 2F
1-2: Foul Ball, location: 2F
1-2: Ball
2-2: Fly out, F8 (Flyball, 8RM)
Batting: LHB Juan Durán 0-0: Ball
1-0: Ball
2-0: Ball
3-0: Base on Balls
Batting: RHB Wilbur Harris 0-0: Swinging Strike
0-1: Ball
1-1: Ball
2-1: Ball
3-1: Called Strike
3-2: Strikes out swinging
Batting: RHB Marv White 0-0: Ball
1-0: Called Strike
1-1: Ball
2-1: Ball
3-1: Foul Ball, location: 2F
3-2: Base on Balls
Juan Durán to second
Batting: RHB Denis Taylor 0-0: Called Strike
0-1: Ball
1-1: Fly out, F9 (Flyball, 89M)
Top of the 3rd over - 0 run(s), 0 hit(s), 0 error(s), 2 left on base; Corpus Christi 3 - Brinkley 3
BOTTOM OF THE 3RD
Brinkley Belugas batting - Pitching for Corpus Christi Twins : RHP Aurélien Godet
Batting: RHB Chris Ross 0-0: Ball
1-0: Ball
2-0: DOUBLE (Groundball, 5L)
Batting: RHB Jean Pronk 0-0: Fly out, F2 (Popup, 2R)
Batting: RHB José Romano 0-0: Called Strike
0-1: Ball
1-1: Ball
2-1: Fly out, F8 (Flyball, 8RM)
Batting: LHB George Wilcox 0-0: Ball
Passed Ball!
Chris Ross to third
1-0: Called Strike
1-1: Foul Ball, location: 2F
1-2: Foul Ball, location: 2F
1-2: Reached on error, E5 (Groundball, 56)
Chris Ross scores
Batting: RHB Dave Nichols 0-0: Ball
1-0: Called Strike
1-1: Ground out 6-3 (Groundball, 6)
Bottom of the 3rd over - 1 run(s), 1 hit(s), 1 error(s), 1 left on base; Corpus Christi 3 - Brinkley 4
TOP OF THE 4TH
Corpus Christi Twins batting - Pitching for Brinkley Belugas : RHP Kevin Allen
Batting: RHB Chad Graham 0-0: Called Strike
0-1: Ball
1-1: Ball
2-1: Ball
3-1: Ground out 6-3 (Groundball, 6)
Batting: RHB Martín González 0-0: Ground out 1-5-3 (Groundball, 15S)
Batting: RHB John Howell 0-0: Called Strike
0-1: Ball
1-1: Ground out 6-3 (Groundball, 6M)
Top of the 4th over - 0 run(s), 0 hit(s), 0 error(s), 0 left on base; Corpus Christi 3 - Brinkley 4
BOTTOM OF THE 4TH
Brinkley Belugas batting - Pitching for Corpus Christi Twins : RHP Aurélien Godet
Batting: SHB Earl Holman 0-0: Called Strike
0-1: Foul Ball, location: 2F
0-2: Ball
1-2: Ball
2-2: Ground out 6-3 (Groundball, 6)
Batting: RHB Alberto Morales 0-0: Called Strike
0-1: Ball
1-1: Fly out, F8 (Flyball, 8LM)
Batting: LHB Esteban Hernández 0-0: Ball
1-0: Called Strike
1-1: Called Strike
1-2: Foul Ball, location: 2F
1-2: Ground out U3 (Groundball, 3)
Bottom of the 4th over - 0 run(s), 0 hit(s), 0 error(s), 0 left on base; Corpus Christi 3 - Brinkley 4
TOP OF THE 5TH
Corpus Christi Twins batting - Pitching for Brinkley Belugas : RHP Kevin Allen
Batting: RHB Melvin Baldwin 0-0: Ball
1-0: Ball
2-0: Called Strike
2-1: Called Strike
2-2: Ground out 3-1 (Groundball, 34S)
Batting: RHB António Alvarado 0-0: Foul Ball, location: 2F
0-1: Swinging Strike
0-2: Fly out, F7 (Flyball, 7M)
Batting: LHB Juan Durán 0-0: Ball
1-0: Ball
2-0: Called Strike
2-1: Fly out, F9 (Flyball, 89M)
Top of the 5th over - 0 run(s), 0 hit(s), 0 error(s), 0 left on base; Corpus Christi 3 - Brinkley 4
BOTTOM OF THE 5TH
Brinkley Belugas batting - Pitching for Corpus Christi Twins : RHP Aurélien Godet
Batting: RHB Juan Banda 0-0: Swinging Strike
0-1: Called Strike
0-2: Ball
1-2: Strikes out swinging
Batting: RHB Chris Ross 0-0: Called Strike
0-1: Ball
1-1: Swinging Strike
1-2: Foul Ball, location: 2F
1-2: Reached on error, E6 (Groundball, 6)
Batting: RHB Jean Pronk 0-0: Ball
1-0: Swinging Strike
1-1: Called Strike
1-2: Foul Ball, location: 2F
1-2: Strikes out looking
Batting: RHB José Romano 0-0: Ball
1-0: Fly out, F8 (Flyball, 8RD)
Bottom of the 5th over - 0 run(s), 0 hit(s), 1 error(s), 1 left on base; Corpus Christi 3 - Brinkley 4
TOP OF THE 6TH
Corpus Christi Twins batting - Pitching for Brinkley Belugas : RHP Kevin Allen
Batting: RHB Wilbur Harris 0-0: Called Strike
0-1: Ball
1-1: Called Strike
1-2: Ball
2-2: SOLO HOME RUN (Flyball, 7D), Distance : 387 ft
Batting: RHB Marv White 0-0: Ball
1-0: Ball
2-0: Ball
3-0: Called Strike
3-1: Called Strike
3-2: Foul Ball, location: 2F
3-2: Base on Balls
Batting: RHB Denis Taylor 0-0: Ball
1-0: Ball
2-0: Fly out, F9 (Line Drive, 9M)
Batting: RHB Chad Graham 0-0: Called Strike
0-1: Ball
1-1: Ball
2-1: Foul Ball, location: 2F
2-2: Fly out, F8 (Flyball, 89D)
Batting: RHB Martín González 0-0: Fly out, F7 (Flyball, 78M)
Top of the 6th over - 1 run(s), 1 hit(s), 0 error(s), 1 left on base; Corpus Christi 4 - Brinkley 4
BOTTOM OF THE 6TH
Brinkley Belugas batting - Pitching for Corpus Christi Twins : RHP Aurélien Godet
Batting: LHB George Wilcox 0-0: Foul Ball, location: 2F
0-1: Swinging Strike
0-2: Ground out 5-3 (Groundball, 5L)
Batting: RHB Dave Nichols 0-0: Bunt missed!
0-1: Ball
1-1: Ball
2-1: Ball
3-1: SINGLE (Groundball, 56)
Batting: SHB Earl Holman 0-0: Called Strike
0-1: 2-RUN HOME RUN (Flyball, 9D), Distance : 383 ft
Pitching: RHP Dan Riggs
Batting: RHB Alberto Morales 0-0: Called Strike
0-1: Foul Ball, location: 2F
0-2: Ball
1-2: Fly out, F4 (Popup, 34)
Batting: LHB Esteban Hernández 0-0: Ball
1-0: Ground out 5-3 (Groundball, 5)
Bottom of the 6th over - 2 run(s), 2 hit(s), 0 error(s), 0 left on base; Corpus Christi 4 - Brinkley 6
TOP OF THE 7TH
Corpus Christi Twins batting - Pitching for Brinkley Belugas : RHP Kevin Allen
Batting: RHB John Howell 0-0: Ball
1-0: Fly out, F8 (Popup, 6D)
Batting: RHB Melvin Baldwin 0-0: Called Strike
0-1: Ground out 6-3 (Groundball, 6)
Batting: RHB António Alvarado 0-0: Foul Ball, location: 2F
0-1: Ball
1-1: Fly out, F9 (Flyball, 9M)
Top of the 7th over - 0 run(s), 0 hit(s), 0 error(s), 0 left on base; Corpus Christi 4 - Brinkley 6
BOTTOM OF THE 7TH
Brinkley Belugas batting - Pitching for Corpus Christi Twins : RHP Dan Riggs
Batting: RHB Juan Banda 0-0: Ball
1-0: Ball
2-0: SINGLE (Groundball, 5D)
Batting: RHB Chris Ross 0-0: Sac Bunt - play at first, batter OUT! 1-3
Juan Banda to second
Batting: RHB Jean Pronk 0-0: Ball
1-0: Swinging Strike
1-1: Ball
2-1: Called Strike
2-2: Ball
3-2: Base on Balls
Batting: RHB José Romano 0-0: Ball
1-0: Called Strike
1-1: Ball
2-1: SINGLE (Groundball, 4M)
Juan Banda to third
Jean Pronk to second
Batting: LHB George Wilcox 0-0: Called Strike
0-1: Swinging Strike
0-2: Ball
1-2: Strikes out looking
Pinch Hitting: RHB Terry Ryals 0-0: Ball
1-0: Foul Ball, location: 2F
1-1: SINGLE (Groundball, 13) (infield hit)
Juan Banda scores
Jean Pronk to third
José Romano to second
Batting: SHB Earl Holman 0-0: Ball
1-0: Ball
2-0: Ball
3-0: Called Strike
3-1: Called Strike
3-2: Ground out 1-3 (Groundball, 23)
Bottom of the 7th over - 1 run(s), 3 hit(s), 0 error(s), 3 left on base; Corpus Christi 4 - Brinkley 7
TOP OF THE 8TH
Corpus Christi Twins batting - Pitching for Brinkley Belugas : RHP Kevin Allen
Pitching: RHP Lou Lowry
Now at C: James Peterson
Now at SS: Max Burke
Batting: LHB Juan Durán 0-0: Called Strike
0-1: Ball
1-1: Swinging Strike
1-2: DOUBLE (Line Drive, 7LM)
Pitching: RHP José Huerta
Batting: RHB Wilbur Harris 0-0: Called Strike
0-1: Foul Ball, location: 2F
0-2: Foul Ball, location: 2F
0-2: Foul Ball, location: 2F
0-2: Ball
1-2: Foul Ball, location: 2F
1-2: Strikes out swinging
Batting: RHB Marv White 0-0: Ball
1-0: Ball
2-0: Ball
3-0: Called Strike
3-1: Base on Balls
Batting: RHB Denis Taylor 0-0: Foul Ball, location: 2F
0-1: Ball
1-1: Called Strike
1-2: Strikes out looking
Batting: RHB Chad Graham 0-0: Called Strike
0-1: Ball
1-1: Foul Ball, location: 2F
1-2: Ball
2-2: Strikes out swinging
Top of the 8th over - 0 run(s), 1 hit(s), 0 error(s), 2 left on base; Corpus Christi 4 - Brinkley 7
BOTTOM OF THE 8TH
Brinkley Belugas batting - Pitching for Corpus Christi Twins : RHP Dan Riggs
Batting: RHB Alberto Morales 0-0: Foul Ball, location: 2F
0-1: Ball
1-1: Ball
2-1: Foul Ball, location: 2F
2-2: SINGLE (Line Drive, 6D)
Pitching: RHP David Francisco
Batting: LHB Esteban Hernández 0-0: Called Strike
0-1: Swinging Strike
0-2: SINGLE (Groundball, 34D)
Alberto Morales to second
Runner from 2nd tries for 3rd, SAFE, throw made to third
Batting: RHB Juan Banda 0-0: Called Strike
0-1: Ball
1-1: Ball
2-1: Foul Ball, location: 2F
2-2: Ball
3-2: Foul Ball, location: 2F
3-2: Foul Ball, location: 2F
3-2: Foul Ball, location: 2F
3-2: Foul Ball, location: 2F
3-2: Foul Ball, location: 2F
3-2: Base on Balls
Esteban Hernández to second
Batting: RHB Chris Ross 0-0: Grounds into fielders choice 5-2 (Groundball, 56)
Esteban Hernández to third
Juan Banda to second
Batting: RHB Jean Pronk 0-0: Ball
1-0: Called Strike
1-1: Foul Ball, location: 2F
1-2: Foul Ball, location: 2F
1-2: Strikes out swinging
Batting: RHB James Peterson 0-0: Called Strike
0-1: Foul Ball, location: 2F
0-2: Strikes out swinging
Bottom of the 8th over - 0 run(s), 2 hit(s), 0 error(s), 3 left on base; Corpus Christi 4 - Brinkley 7
TOP OF THE 9TH
Corpus Christi Twins batting - Pitching for Brinkley Belugas : RHP José Huerta
Pitching: RHP José Gutiérrez
Batting: RHB Martín González 0-0: Foul Ball, location: 2F
0-1: Foul Ball, location: 2F
0-2: Ball
1-2: Strikes out swinging
Batting: RHB John Howell 0-0: Ball
1-0: Fly out, F8 (Flyball, 8LM)
Batting: RHB Melvin Baldwin 0-0: Called Strike
0-1: Ball
1-1: Ball
2-1: Foul Ball, location: 2F
2-2: Fly out, F9 (Flyball, 9M)
Top of the 9th over - 0 run(s), 0 hit(s), 0 error(s), 0 left on base; Corpus Christi 4 - Brinkley 7
This league is powered by Out of the Park Baseball, the baseball management simulation game for PC, Mac and Linux
Saturday, February 27th, 2021 - OOTP Baseball 15.6 Build 34